 Dungeon Crawl Stone Soup version 0.22-a0-414-gacd343e (console) character file.

38866 Meru the Fighter (level 13, -21/122 HPs)
             Began as a Demigod Wanderer on May 13, 2018.
             Demolished by a frost giant
             ... wielding a +0 battleaxe of freezing
              (38 damage)
             ... in an ice cave on May 14, 2018.
             The game lasted 01:22:19 (22900 turns).

Meru the Fighter (Demigod Wanderer)                Turns: 22900, Time: 01:22:19

Health: -21/122    AC: 10    Str: 15    XL:     13   Next: 32%
Magic:  27/27      EV: 18    Int: 31    God:
Gold:   1023       SH:  0    Dex: 15    Spells: 11/25 levels left

rFire    + . .     SeeInvis .   m - +1 whip (elec)
rCold    + . .     Gourm    .   (no shield)
rNeg     . . .     Faith    .   R - +1 robe "Myx Joezxa" {Int+3 Slay+3}
rPois    +         Spirit   .   g - +0 helmet
rElec    +         Reflect  .   n - +0 cloak
rCorr    +         Harm     .   q - +0 pair of gloves
MR       +....                  y - +0 pair of boots
Stlth    ++........             w - amulet of regeneration
HPRegen  0.70/turn              j - +4 ring of intelligence
MPRegen  0.20/turn              L - +3 ring of protection

@: about to teleport, resistant, studying Translocations
A: high mp 1
a: no special abilities


You were in an ice cave.
You were not hungry.

You visited 2 branches of the dungeon, and saw 16 of its levels.
You also visited: Ice Cave.

You collected 1023 gold pieces.

Inventory:

Hand Weapons
 m - a +1 whip of electrocution (weapon)
Armour
 d - a +2 robe of fire resistance
 g - a +0 helmet (worn)
 n - a +0 cloak (worn)
 q - a +0 pair of gloves (worn)
 y - a +0 pair of boots (worn)
 R - the +1 robe "Myx Joezxa" (worn) {Int+3 Slay+3}
   (You found it on level 2 of the Lair of Beasts)

   It affects your intelligence (+3).
   It affects your accuracy and damage with ranged weapons and melee attacks
   (+3).
 S - a +0 buckler
Jewellery
 j - a +4 ring of intelligence (left hand)
 w - an amulet of regeneration (around neck)
 K - an uncursed ring of flight
 L - a +3 ring of protection (right hand)
 P - an uncursed ring of see invisible
Wands
 B - a wand of random effects (32)
 D - a wand of clouds (3)
 F - a wand of digging (2)
 J - a wand of iceblast (5)
 O - a wand of polymorph (9)
Scrolls
 a - 4 scrolls of amnesia
 c - 5 scrolls of teleportation
 e - 4 scrolls of remove curse
 i - a scroll of magic mapping
 t - a scroll of fear
 N - a scroll of identify
 Q - a scroll of torment
 T - 2 scrolls of immolation
 V - 2 scrolls of brand weapon
Potions
 b - 3 potions of curing
 h - 2 potions of agility
 k - 3 potions of berserk rage
 l - 4 potions of might
 s - 5 potions of flight
 u - 3 potions of ambrosia
 v - a potion of resistance
 z - 4 potions of haste
 C - 2 potions of mutation
 G - a potion of heal wounds
 H - a potion of brilliance
 M - a potion of cancellation
 U - a potion of magic
Books
 E - a manual of Translocations
Miscellaneous
 r - a lightning rod (inert)
Comestibles
 f - 31 rations
 o - 4 chunks of flesh


   Skills:
 + Level 13.5 Fighting
 - Level 1.0 Throwing
 - Level 9.0 Dodging
 - Level 1.0 Stealth
 - Level 1.0 Unarmed Combat
 + Level 6.8 Spellcasting
 - Level 7.0 Conjurations
 - Level 6.0 Charms
 - Level 6.0 Summonings
 - Level 4.0 Necromancy
 - Level 3.0 Translocations
 - Level 2.0 Fire Magic
 - Level 2.0 Air Magic
   Level 1.7 Earth Magic
 - Level 2.0 Poison Magic


You had 11 spell levels left.
You knew the following spells:

 Your Spells              Type           Power        Failure   Level  Hunger
a - Magic Dart            Conj           ####         1%          1    None
b - Call Imp              Summ           #####...     1%          2    None
c - Mephitic Cloud        Conj/Pois/Air  ####....     3%          3    None
d - Conjure Flame         Conj/Fire      #####...     2%          3    None
B - Blink                 Tloc           N/A          1%          2    None
C - Regeneration          Chrm/Necr      #####.....   1%          3    None

Your spell library contained the following spells:

 Spells                   Type           Power        Failure   Level  Hunger
 Slow                     Hex            ##......     7%          2    None
 Animate Dead             Necr           N/A          9%          4    ##.....
 Pain                     Necr           ####         1%          1    None
 Animate Skeleton         Necr           N/A          1%          1    None
 Vampiric Draining        Necr           #####.....   2%          3    None


Dungeon Overview and Level Annotations

Branches:
Dungeon (11/15)            Temple (0/1) D:6            Lair (5/6) D:11
  Swamp (0/4) Lair:2        Snake (0/4) Lair:4          Orc (0/2) D:9
  Slime: Lair:5-6

Annotations:
Lair:2 exclusion: 2 oklob plants IceCv exclusion: ice statue


Innate Abilities, Weirdness & Mutations

You have an increased reservoir of magic. (+10% MP)


Message History

Evoke which item? (* to show all) (? for menu, Esc to quit)
Okay, then.
Unknown command.
As you read the scroll of fear, it crumbles to dust.
You assume a fearsome visage.
The frost giant easily resists.
The frost giant casts a spell at you. The bolt of cold hits you!
* * * LOW HITPOINT WARNING * * *
Unknown command.
Okay, then.
You feel much better.
The frost giant gestures at you while chanting.
The bolt of cold misses you.
As you read the scroll of teleportation, it crumbles to dust.
You feel strangely unstable.
The frost giant points at you and mumbles some strange words.
The bolt of cold misses you.
You feel protected.
The frost giant hits you with a battleaxe of freezing!!!
You die...

≈≈**##...##....#**≈≈≈*###**≈≈*
≈≈**#..#.#######≈######.##**≈*
≈≈≈*##...###≈≈≈≈##...#.#.###**
≈≈≈**##....##*≈≈#.⌠...###..#
*≈≈≈**##....#####.#.###..###
***≈≈* ###.....#####..##..h#*
*≈≈*** ##.....####..###C..#*
**≈≈≈** ###....#...##*,hhY.#
***≈≈≈≈** ###.@C.### **.h.##*
**≈**≈≈≈≈** #(.#####,***,.###,*
≈***≈≈≈≈≈≈**##[#***,∩,***.$,,,*
*≈≈*≈≈≈≈≈≈≈≈*###*,,,,,,,,#[,,,*
≈≈*≈≈≈≈≈*≈*** ****,**********
*********** ***


You could see a frost giant.

Vanquished Creatures
  3 hydras
  2 death yaks (IceCv)
  Pikel (D:6)
  A manticore (D:11)
  5 elephants
  3 black mambas
  7 spiny frogs
  3 komodo dragons
  18 polar bears
  A troll (D:11)
  A hornet (D:9)
  Prince Ribbit (D:5)
  16 blink frogs
  2 dream sheep (D:9)
  6 hippogriffs
  A shadow (D:10)
  A wyvern (Lair:2)
  54 yaks
  2 basilisks
  A golden eye (shapeshifter) (D:10)
  Grum (D:8)
  4 nagas (Lair:4)
  A swamp worm (Lair:2)
  Duvessa (D:5)
  6 water moccasins
  9 porcupines
  7 orc warriors
  4 sky beasts
  A slave (D:6)
  3 ice beasts
  An ogre (D:4)
  33 wolves
  An eye of draining (D:11)
  2 phantoms
  3 centaurs
  7 crocodiles
  5 big kobolds
  11 bullfrogs
  A gnoll sergeant (D:7)
  A wyvern zombie (D:10)
  Blork the orc (D:6)
  4 scorpions
  Dowan (D:5)
  6 wights
  7 howler monkeys
  5 killer bees (D:8)
  8 electric eels
  A centaur zombie (D:10)
  4 crimson imps
  4 bullfrog zombies
  6 hounds
  A quasit (D:5)
  8 orc priests
  2 centaur skeletons
  A jelly (D:6)
  17 orc wizards
  2 bullfrog skeletons
  2 iguanas
  12 worker ants
  Natasha (twice) (D:2)
  Robin (D:2)
  A worker ant zombie (D:5)
  2 howler monkey skeletons
  11 adders
  4 gnolls
  A shadow imp (D:8)
  An adder zombie (D:5)
  4 adder skeletons
  A worm (D:2)
  6 dart slugs
  4 leopard geckos
  43 orcs
  3 ball pythons
  7 giant cockroaches
  9 hobgoblins
  6 jackals
  20 kobolds
  5 quokkas
  5 bats
  5 frilled lizards
  13 goblins
  A jackal skeleton (D:5)
  A leopard gecko skeleton (D:5)
  A leopard gecko zombie (D:5)
  7 rats
487 creatures vanquished.

Vanquished Creatures (collateral kills)
  6 blink frogs
  Grinder (D:6)
  A hippogriff (Lair:2)
  A yak (Lair:2)
  Menkaure (D:7)
  2 swamp worms (Lair:2)
  A water moccasin (Lair:1)
  A porcupine (Lair:2)
  An ice beast (D:11)
  3 ogres
  A necrophage (D:11)
  A bullfrog (D:9)
  A wight (D:10)
  A quasit (D:10)
  2 orc priests
  A jelly (D:10)
  2 orc wizards
  A worker ant (D:4)
  3 gnolls (D:4)
  An adder (D:5)
  4 orcs
  A jackal (D:1)
  A kobold (D:11)
38 creatures vanquished.

Vanquished Creatures (others)
  26 fungi
  26 plants
52 creatures vanquished.

Grand Total: 577 creatures vanquished

Notes
Turn   | Place    | Note
-------+----------+-------------------------------------------
     0 | D:1      | Meru the Demigod Wanderer began the quest for the Orb.
     0 | D:1      | Meru set off with: a potion of curing, a scroll of teleportation, a +0 robe, a +0 club, a ration
     0 | D:1      | Reached XP level 1. HP: 16/16 MP: 6/6
     2 | D:1      | Learned a level 1 spell: Magic Dart
   514 | D:1      | Reached skill level 1 in Conjurations
   668 | D:1      | Reached XP level 2. HP: 23/23 MP: 1/8
   730 | D:1      | Learned a level 2 spell: Call Imp
   733 | D:1      | Learned a level 2 spell: Blink
  1523 | D:2      | Reached skill level 1 in Summonings
  1523 | D:2      | Reached XP level 3. HP: 25/28 MP: 2/10
  1653 | D:2      | Found a burning altar of Makhleb.
  1724 | D:2      | Noticed Natasha
  1731 | D:2      | Killed Natasha
  1852 | D:2      | Learned a level 3 spell: Mephitic Cloud
  2058 | D:2      | Reached XP level 4. HP: 34/35 MP: 4/11
  2238 | D:2      | Noticed an ogre
  2243 | D:2      | Noticed Natasha
  2258 | D:2      | Killed Natasha
  2477 | D:2      | Killed an ogre
  2477 | D:2      | Reached skill level 1 in Air Magic
  2477 | D:2      | Reached XP level 5. HP: 40/40 MP: 1/12
  2944 | D:3      | Found a sparkling altar of Nemelex Xobeh.
  3065 | D:3      | Found an iron altar of Okawaru.
  3210 | D:3      | Found a glowing golden altar of the Shining One.
  3210 | D:3      | Found a glowing silver altar of Zin.
  3300 | D:3      | Noticed Robin
  3418 | D:2      | Killed Robin
  3976 | D:4      | Reached XP level 6. HP: 47/47 MP: 7/13
  4149 | D:4      | Learned a level 3 spell: Conjure Flame
  4472 | D:4      | Reached skill level 5 in Conjurations
  4601 | D:4      | Reached XP level 7. HP: 26/52 MP: 7/14
  4906 | D:5      | Entered Level 5 of the Dungeon
  4921 | D:5      | Noticed Duvessa
  5173 | D:4      | Reached skill level 1 in Fire Magic
  5173 | D:4      | Reached skill level 1 in Poison Magic
  5356 | D:5      | Reached skill level 1 in Translocations
  5726 | D:5      | Noticed Dowan
  5749 | D:5      | Killed Dowan
  5893 | D:5      | Killed Duvessa
  5893 | D:5      | Reached XP level 8. HP: 59/59 MP: 11/17
  6194 | D:5      | Found a shattered altar of Ashenzari.
  6419 | D:6      | Noticed Prince Ribbit
  6470 | D:5      | Killed Prince Ribbit
  6543 | D:6      | Noticed Grinder
  6563 | D:6      | Killed Grinder
  6820 | D:6      | Noticed Blork the orc
  6833 | D:6      | Killed Blork the orc
  7052 | D:6      | Reached skill level 2 in Fighting
  7284 | D:6      | Found a staircase to the Ecumenical Temple.
  7350 | D:6      | Reached XP level 9. HP: 68/68 MP: 14/18
  7371 | D:6      | Found an opulent altar of Gozag.
  7462 | D:6      | Noticed Pikel
  7471 | D:6      | Killed Pikel
  7471 | D:6      | Reached skill level 3 in Fighting
  7471 | D:6      | Reached skill level 5 in Dodging
  7519 | D:6      | Found a radiant altar of Vehumet.
  7675 | D:7      | Reached skill level 4 in Fighting
  8082 | D:7      | Noticed Menkaure
  8223 | D:7      | Killed Menkaure
  9171 | D:8      | Reached skill level 5 in Fighting
  9295 | D:8      | Found a blossoming altar of Fedhas.
  9316 | D:8      | Found a hide-covered altar of Uskayaw.
  9344 | D:8      | Noticed a gargoyle
  9459 | D:8      | Noticed Grum
  9677 | D:8      | Killed Grum
 10108 | D:8      | Reached skill level 5 in Summonings
 10348 | D:9      | Reached XP level 10. HP: 81/83 MP: 13/19
 10397 | D:9      | Reached skill level 6 in Fighting
 10702 | D:9      | Found a staircase to the Orcish Mines.
 10932 | D:9      | Reached skill level 5 in Spellcasting
 11175 | D:9      | Reached skill level 7 in Fighting
 11329 | D:9      | Noticed a two-headed hydra
 11334 | D:9      | Killed a two-headed hydra
 11435 | D:9      | Found a shimmering altar of Xom.
 11660 | D:10     | Entered Level 10 of the Dungeon
 11956 | D:10     | Reached skill level 8 in Fighting
 13122 | D:11     | Reached XP level 11. HP: 95/95 MP: 18/22
 13969 | D:11     | Found a staircase to the Lair.
 14047 | D:11     | Reached skill level 9 in Fighting
 14090 | D:11     | Learned a level 3 spell: Regeneration
 14356 | Lair:1   | Entered Level 1 of the Lair of Beasts
 14397 | D:11     | Reached skill level 1 in Charms
 14976 | Lair:1   | Noticed a seven-headed hydra
 14997 | Lair:1   | Killed a seven-headed hydra
 15511 | Lair:1   | Reached skill level 1 in Necromancy
 15858 | Lair:2   | Noticed a five-headed hydra
 16445 | Lair:2   | Found a staircase to the Swamp.
 16579 | Lair:2   | Got an ancient robe
 16590 | Lair:2   | Identified the cursed +1 robe "Myx Joezxa" {Int+3 Slay+3} (You found it on level 2 of the Lair of Beasts)
 16836 | Lair:2   | HP: 6/145 [crocodile (7)]
 17025 | Lair:2   | Reached skill level 5 in Charms
 17124 | Lair:2   | Reached XP level 12. HP: 104/104 MP: 17/25
 17517 | Lair:2   | Killed a five-headed hydra
 18065 | Lair:3   | Reached skill level 10 in Fighting
 18749 | Lair:3   | Reached skill level 11 in Fighting
 20229 | Lair:4   | Reached skill level 12 in Fighting
 20630 | Lair:4   | Found a staircase to the Snake Pit.
 21089 | Lair:5   | Found a frozen archway.
 21145 | IceCv    | Entered an ice cave
 21175 | IceCv    | Reached XP level 13. HP: 107/119 MP: 20/26
 21810 | IceCv    | Reached skill level 13 in Fighting
 22713 | IceCv    | Noticed a frost giant
 22897 | IceCv    | HP: 1/122 [frost giant/bolt of cold (53)]
 22900 | IceCv    | Demolished by a frost giant

Vault maps used:
D:1:      dpeg_arrival_prison
D:2:      bloody_makhleb, uniq_natasha
D:3:      cheibrodos_pilgrimage, lemuel_crystal_altar,
          nicolae_overflow_hidden_temple, gammafunk_temple_overflow_wave,
          uniq_robin
D:5:      marbit_many_paths, first_ration, uniq_duvessa
D:6:      kennysheep_mini_moat, minmay_temple_entry_fiery,
          nicolae_gozag_cash_rules_everything_around_me, uniq_pikel,
          uniq_blork_the_orc, uniq_prince_ribbit1, uniq_grinder
D:7:      uniq_menkaure
D:8:      eat_drink_and_be_merry_uskayaw, fedhas_altar_2, uniq_grum
D:9:      old_standard_altar, erik_orc_2, hangedman_ranch
D:11:     grunt_lair_entry_orc_guard_hut, serial_park_tiny_1,
          small_statue_intersection
Lair:1:   serial_bayou, serial_bayou_shore_a, serial_bayou_pond_d,
          serial_bayou_pond_b, serial_bayou_pond_b, serial_bayou_pond_a,
          serial_bayou_shore_b
Lair:2:   nicolae_swamp_entry_splash_gauntlet, grunt_megastairs_1,
          minmay_lair_oklob_chamber
Lair:3:   st_stairs_6
Lair:4:   minmay_snake_entry_guardpost_small, cheibrodos_lair_lostbears,
          lemuel_fruit_tree
Lair:5:   slime_altar_1, portal_ice_cave_entry_pillars_1,
          infiniplex_staircase_pool
IceCv:    ice_cave_caverns_01

Skill      XL: |  1  2  3  4  5  6  7  8  9 10 11 12 13 |
---------------+----------------------------------------+-----
Conjurations   | 1 2 3 5 6 7 |  7.0
Spellcasting   | 3 4 5 6 |  6.8
Summonings     | 1 2 3 5 6 |  6.0
Air Magic      | 1 2 |  2.0
Fire Magic     | 2 |  2.0
Poison Magic   | 2 |  2.0
Translocations | 2 3 |  3.0
Dodging        | 4 6 7 9 |  9.0
Fighting       | 2 5 8 9 12 13 | 13.5
Charms         | 5 6 |  6.0
Necromancy     | 3 4 |  4.0
Throwing       | |  1.0
Stealth        | |  1.0
Unarmed Combat | |  1.0
Earth Magic    | |  1.7

Action                   |  1- 3 |  4- 6 |  7- 9 | 10-12 | 13-15 || total
-------------------------+-------+-------+-------+-------+-------++-------
Melee: Hand axe          |     6 |       |       |       |       ||     6
       Club              |     3 |       |       |       |       ||     3
       Short sword       |    17 |       |       |       |       ||    17
       Whip              |    50 |    87 |   305 |   913 |   153 ||  1508
       Punch             |       |       |     3 |     4 |     1 ||     8
 Cast: Magic Dart        |    71 |   108 |   192 |   302 |     5 ||   678
       Call Imp          |     3 |    14 |    62 |    78 |     1 ||   158
       Mephitic Cloud    |       |     3 |    26 |    46 |    10 ||    85
       Conjure Flame     |       |     1 |     7 |    63 |    19 ||    90
       Blink             |       |       |       |    21 |     3 ||    24
       Regeneration      |       |       |       |     4 |       ||     4
Evoke: Wand              |       |       |       |     4 |     1 ||     5
       Lightning rod     |       |       |       |       |     4 ||     4
  Use: Scroll            |     1 |       |     7 |    12 |    12 ||    32
       Potion            |       |       |       |     4 |     2 ||     6
 Stab: Sleeping          |     1 |     1 |     1 |       |       ||     3
       Confused          |       |     3 |     9 |     9 |     1 ||    22
       Distracted        |       |     1 |     1 |     1 |     1 ||     4
  Eat: Chunk             |     4 |     8 |    21 |    36 |     7 ||    76
Armor: Robe              |    14 |    16 |    82 |   258 |    43 ||   413
       Skin              |       |       |       |    44 |       ||    44
Dodge: Dodged            |    59 |    68 |   222 |   846 |   162 ||  1357

Table legend:
 A = Spawn XP
 B = Non-spawn XP
 C = Spawn XP percentage of total XP
 D = Spawn monster count
 E = Non-spawn monster count
 F = Spawn count percentage of total count
 G = Total turns spent on level
                    A         B        C        D         E        F      G
               +---------+---------+-------+---------+---------+-------+---------
         Total |       0 |   55523 |   0.0 |       0 |     524 |   0.0 | 22900
               +---------+---------+-------+---------+---------+-------+---------
           D:1 |       0 |      40 |   0.0 |       0 |      22 |   0.0 |  1485
           D:2 |       0 |     236 |   0.0 |       0 |      29 |   0.0 |  1448
           D:3 |       0 |     105 |   0.0 |       0 |      32 |   0.0 |   889
           D:4 |       0 |     827 |   0.0 |       0 |      29 |   0.0 |  1403
           D:5 |       0 |    1027 |   0.0 |       0 |      25 |   0.0 |  1283
           D:6 |       0 |    1717 |   0.0 |       0 |      26 |   0.0 |  1139
           D:7 |       0 |     930 |   0.0 |       0 |      19 |   0.0 |  1455
           D:8 |       0 |    1403 |   0.0 |       0 |      28 |   0.0 |  1021
           D:9 |       0 |    4958 |   0.0 |       0 |      65 |   0.0 |  1646
          D:10 |       0 |    1297 |   0.0 |       0 |      23 |   0.0 |  1171
          D:11 |       0 |    4512 |   0.0 |       0 |      47 |   0.0 |  1651
        Lair:1 |       0 |    6126 |   0.0 |       0 |      26 |   0.0 |  1572
        Lair:2 |       0 |    6372 |   0.0 |       0 |      31 |   0.0 |  1592
        Lair:3 |       0 |    5659 |   0.0 |       0 |      25 |   0.0 |  1614
        Lair:4 |       0 |    9527 |   0.0 |       0 |      48 |   0.0 |  1720
        Lair:5 |       0 |     117 |   0.0 |       0 |       1 |   0.0 |    56
         IceCv |       0 |   10670 |   0.0 |       0 |      48 |   0.0 |  1755
               +---------+---------+-------+---------+---------+-------+---------
